 Dungeon Crawl Stone Soup version 0.28.0 (webtiles) character file.

Game seed: 10345840986284916812

896 denis1488 the Fighter (level 8, -18/89 HPs)
             Began as an Ogre Hunter on Feb 16, 2022.
             Killed from afar by Dowan (35 damage)
             ... with a shard of ice
             ... on level 5 of the Dungeon.
             The game lasted 00:05:33 (5238 turns).

denis1488 the Fighter (Ogre Hunter)                 Turns: 5238, Time: 00:05:36

Health: -18/89     AC:  3    Str: 19    XL:     8   Next: 7%
Magic:  8/8        EV:  9    Int: 12    God:
Gold:   192        SH:  0    Dex:  9    Spells: 7/7 levels left

rFire   . . .      SeeInvis .   l - +2 dagger (elec)
rCold   . . .      Faith    .   f - orb {light}
rNeg    + . .      Spirit   .   b - +0 robe
rPois   .          Reflect  .   (helmet restricted)
rElec   .          Harm     .   (no cloak)
rCorr   .          Rampage  .   (gloves unavailable)
Will    .....                   (boots unavailable)
Stlth   +.........              (no amulet)
HPRegen 0.24/turn               i - ring of positive energy
MPRegen 0.11/turn               (no ring)

@: mighty, glowing
A: large, unfitting armour, tough skin 1
a: no special abilities


You were on level 5 of the Dungeon.
You visited 1 branch of the dungeon, and saw 5 of its levels.

You collected 192 gold pieces.

Inventory:

Hand Weapons
 l - a +2 dagger of electrocution (weapon)
Missiles
 d - a throwing net (quivered)
 e - 8 poisoned darts
Armour
 b - a +0 robe (worn)
 f - an orb of light (worn)
Jewellery
 a - a +6 ring of dexterity
 i - a ring of positive energy (left hand)
 n - a ring of positive energy
Scrolls
 g - 2 scrolls of magic mapping {unknown}
 k - a scroll of amnesia {unknown}
Potions
 h - 2 potions of heal wounds {unknown}
 j - 3 potions of might
 m - 2 potions of resistance
 o - a potion of cancellation
 p - a potion of attraction {unknown}


   Skills:
 + Level 8.4 Fighting
 - Level 4.0 Throwing
 - Level 1.7 Dodging
 + Level 5.0 Stealth
 - Level 1.5 Unarmed Combat


You had 7 spell levels left.
You didn't know any spells.
Your spell library contained the following spells:

 Spells                   Type           Power      Damage    Failure   Level
 Freeze                   Ice            0%         1d3       32%         1
 Magic Dart               Conj           0%         1d3       32%         1
 Call Imp                 Summ           0%         N/A       45%         2
 Frozen Ramparts          Ice            0%         1d2       69%         3
 Gell's Gravitas          Tloc           0%         N/A       69%         3
 Lesser Beckoning         Tloc           0%         N/A       69%         3
 Mephitic Cloud           Conj/Pois/Air  0%         N/A       69%         3
 Teleport Other           Tloc           0%         N/A       69%         3
 Hailstorm                Conj/Ice       0%         3d3       97%         4


Dungeon Overview and Level Annotations

Branches:
Dungeon (5/15)
 Temple: D:4-7

Altars:
Hepliaklqana

Shops:
D:2 [

Annotations:
D:4 3 runed translucent doors, glosham's ghost, weakling OpDe
D:5 Dowan


Innate Abilities, Weirdness & Mutations

You are too large for most types of armour.
You have tough skin. (AC +1)


Message History

* * * LOW HITPOINT WARNING * * *
You puncture the water moccasin skeleton!
You destroy the water moccasin skeleton!
Your Stealth skill increases to level 5!
Throw: 2 large rocks
Press: ? - help, Q - select action, (/) - cycle Shift-Dir - straight line, f - Sigmund, p - Dowan
Aim: Sigmund, wielding a +0 scythe and wearing a +0 robe (slightly transparent, haloed, 76% to hit)
You throw a large rock. The large rock hits Sigmund.
Sigmund is lightly wounded.
Dowan casts a spell.
Dowan blinks!
Dowan casts a spell.
Dowan blinks!
Sigmund hits you from afar with a +0 scythe.
* * * LOW HITPOINT WARNING * * *
Throw: large rock
Press: ? - help, Q - select action, (/) - cycle Shift-Dir - straight line, f/p - Sigmund
Aim: Sigmund, wielding a +0 scythe and wearing a +0 robe (lightly wounded, slightly transparent, haloed, 76% to hit)
You throw a large rock. The large rock hits Sigmund.
Sigmund is moderately wounded.
Sigmund hits you but does no damage.
Dowan gestures wildly while chanting.
Dowan blinks!
Throw: 2 throwing nets
Press: ? - help, Q - select action, (/) - cycle Shift-Dir - straight line, f/p - Sigmund
Aim: Sigmund, wielding a +0 scythe and wearing a +0 robe (moderately wounded, slightly transparent, haloed, 76% to hit)
You throw a throwing net. The throwing net hits Sigmund.
Sigmund is caught in the net!
Sigmund is moderately wounded.
Sigmund struggles against the net.
Sigmund struggles against the net.
Things that are here:
a +0 short sword; a +1 leather armour of willpower; a sapphire potion You puncture Sigmund!
Lightning courses through Sigmund!!
You kill Sigmund!
Reactivating autopickup.
Dowan says, "Her death will not be in vain!"
Dowan casts a spell at you. The shard of ice hits you!!
You die...

........#
#...#.#
##.###..#
#...#.#
##.##
#...#(#
....#
#...(.#
....#
#ee..e#
....#
#@.....#.#
....+
#..##..#.#
##### #.
#[..#)# #
##..#@#
##.#.#
..#..#
#..# #..#
#..# ...#
##.# .#


You could see Dowan (fast, empowered).

Vanquished Creatures
  Sigmund (D:5)
  Duvessa (D:5)
  A sky beast (D:5)
  A necrophage (D:3)
  An ogre (D:4)
  A phantom (D:5)
  A wyvern zombie (D:3)
  A water moccasin zombie (D:5)
  A water moccasin skeleton (D:5)
  A bullfrog zombie (D:5)
  A hound (D:4)
  Jessica (D:3)
  2 iguanas
  A hound zombie (D:5)
  A gnoll (D:1)
  5 adders
  An ufetubus (D:4)
  2 worms
  2 dart slugs (D:1)
  3 orcs
  9 bats
  8 endoplasms
  4 giant cockroaches
  3 goblins
  6 hobgoblins
  3 jackals (D:1)
  10 kobolds
  6 quokkas
  3 ball pythons
  2 rats
83 creatures vanquished.

Notes
Turn   | Place    | Note
-------+----------+-------------------------------------------
     0 | D:1      | denis1488 the Ogre Hunter began the quest for the Orb.
     0 | D:1      | Reached XP level 1. HP: 22/22 MP: 1/1
   163 | D:1      | Reached skill level 3 in Fighting
   163 | D:1      | Reached skill level 1 in Stealth
   163 | D:1      | Reached XP level 2. HP: 30/31 MP: 2/2
   431 | D:1      | Reached skill level 1 in Unarmed Combat
   604 | D:1      | Reached XP level 3. HP: 36/37 MP: 3/3
  1769 | D:2      | Reached XP level 4. HP: 43/48 MP: 4/4
  2135 | D:2      | You fall into a shaft and drop 1 floor!
  2205 | D:3      | Noticed Jessica
  2206 | D:3      | Reached skill level 4 in Fighting
  2206 | D:3      | Reached XP level 5. HP: 44/55 MP: 5/5
  2220 | D:3      | Killed Jessica
  2221 | D:3      | Reached skill level 5 in Fighting
  2660 | D:3      | Noticed a necrophage
  2664 | D:3      | Killed a necrophage
  2665 | D:3      | Reached XP level 6. HP: 65/67 MP: 6/6
  2938 | D:3      | Found a hazy altar of Hepliaklqana.
  3091 | D:2      | Found Zifoxun's Armour Boutique.
  3365 | D:4      | Noticed glosham's ghost (weakling OpDe)
  3367 | D:4      | Noticed an ice beast
  3445 | D:4      | Found a runed translucent gate.
  3445 | D:4      | Found a runed translucent gate.
  3445 | D:4      | Found a runed translucent gate.
  3793 | D:4      | Reached skill level 6 in Fighting
  4064 | D:5      | Entered Level 5 of the Dungeon
  4075 | D:5      | Noticed Dowan
  4085 | D:5      | Noticed Duvessa
  4106 | D:5      | Noticed a sky beast
  4157 | D:4      | Reached XP level 7. HP: 14/76 MP: 7/7
  4601 | D:5      | Reached skill level 7 in Fighting
  5208 | D:5      | Noticed Sigmund
  5223 | D:5      | Killed Duvessa
  5224 | D:5      | Reached skill level 8 in Fighting
  5224 | D:5      | Reached XP level 8. HP: 28/88 MP: 8/8
  5234 | D:5      | Reached skill level 5 in Stealth
  5238 | D:5      | Killed Sigmund
  5238 | D:5      | Killed from afar by Dowan

Illustrated notes

Levels and vault maps discovered:
D:1:      psy_arrival_statuary, layout_basic, feat_on_display
D:2:      layout_basic, serial_shops, nicolae_shop_trees,
          minmay_tree_intersection, minivault_14
D:3:      layout_loops_ring, nicolae_hepliaklqana_hippocampus,
          nrook_mini_vaults, uniq_jessica
D:4:      layout_loops_cross, gammafunk_ghost_icy
D:5:      layout_gridville, sigmund_edmund_badplayer, uniq_duvessa

Skill      XL: |  1  2  3  4  5  6  7  8 |
---------------+-------------------------+-----
Fighting       | 3 4 5 6 8 |  8.4
Stealth        | 1 2 3 4 5 |  5.0
Unarmed Combat | 1 |  1.5
Throwing       | |  4.0
Dodging        | |  1.7

Action                   |  1- 3 |  4- 6 |  7- 9 || total
-------------------------+-------+-------+-------++-------
Melee: Short sword       |   111 |       |       ||   111
       Dagger            |     3 |   109 |    64 ||   176
Throw: Large rock        |     2 |       |     6 ||     8
       Throwing net      |       |       |     1 ||     1
  Use: Scroll            |       |     2 |       ||     2
       Potion            |       |       |     1 ||     1
Armor: Robe              |    41 |    19 |    15 ||    75
Dodge: Dodged            |    70 |    49 |    16 ||   135
